[Event "Fast Chess"]
[Site "ChessKid.com"]
[Date "2020.05.03"]
[Round "2"]
[White "Georgiev, Maximilian"]
[Black "Li, Tobias"]
[Result "1-0"]
[ECO "A30"]
[WhiteElo "737"]
[BlackElo "1295"]
[Annotator "Bauerngabel"]
[PlyCount "77"]
[EventDate "2020.??.??"]
[TimeControl "180"]
[BlackClock "0:00:46"]

1. c4 c5 2. g3 Nc6 3. Bg2 e5 4. e3 d6 5. h3 Nf6 6. Ne2 Be7 7. Nbc3 O-O 8. O-O Bf5 9. b3 Nb4 10. a3 Nc2 11. Ra2 Qa5 12. d3 Nxe3 13. fxe3 Bg6 14. Bd2 Qb6 15. Nd5 Nxd5 16. Bxd5 Bxd3 17. Rf2 Bxe2 18. Qxe2 Qxb3 19. Ra1 Qb2 20. Rff1 Bf6 21. Rfb1 Qc2 22. Bxb7 Rab8 23. Rb5 e4 24. Re1 Qd3 25. Qxd3 exd3 26. Bc6 Rxb5 27. Bxb5 Rb8 28. Ba4 Rb2 29. Bc1 Ra2 (29... d2 $1) 30. Bc6 Ra1 31. Bd2 Rxe1+ 32. Bxe1 Bb2 33. Kf2 Bxa3 34. Bd2 Bb4 35. Bc1 a5 36. Ba4 Kf8 37. Kf1 Ke7 38. Kf2 Kd8 39. Kf3 {[%emt 0:00:01]
TallSnazzyBall won on time} 1-0

[Event "Fast Chess"]
[Site "ChessKid.com"]
[Date "2020.05.03"]
[Round "3"]
[White "Horvath, Alexander"]
[Black "Li, Tobias"]
[Result "0-1"]
[ECO "C57"]
[WhiteElo "1324"]
[BlackElo "1304"]
[PlyCount "30"]
[EventDate "2020.??.??"]
[TimeControl "180"]
[WhiteClock "0:02:42"]
[BlackClock "0:02:11"]

1. e4 e5 2. Nf3 Nc6 3. Bc4 Nf6 4. Nc3 Bc5 5. Ng5 O-O 6.
Bxf7+ Rxf7 7. Nxf7 Kxf7 8. O-O Kg8 9. d3 d6 10. Nd5 Bg4 11.
Nxf6+ Qxf6 12. Qxg4 Rf8 13. a3 Bxf2+ 14. Rxf2 Qxf2+ 15. Kh1 Qf1# {[%emt 0:
00:02] OnlyHungryKiwi won by checkmate} 0-1

[Event "Fast Chess"]
[Site "ChessKid.com"]
[Date "2020.05.03"]
[Round "3"]
[White "Georgiev, Maximilian"]
[Black "Sasse, Gabriel"]
[Result "1-0"]
[ECO "C50"]
[WhiteElo "753"]
[BlackElo "1329"]
[PlyCount "125"]
[EventDate "2020.??.??"]
[TimeControl "180"]
[WhiteClock "0:00:51"]
[BlackClock "0:00:59"]

1. e4 e5 2. Nf3 Nc6 3. Bc4 Bc5 4. O-O h6 5. h3 Nf6 6. Nc3 O-O 7. d3 a6 8. a3 b5 9. Ba2 Nd4 10. Nxe5 Re8 11. Nf3 Nxf3+ 12. Qxf3 Bd4 13. Bd2 Bxc3 14. Bxc3 a5 15. b4 a4 16. Bb2 Bb7 17. Bxf6 Qxf6 18. Qxf6 gxf6 19. Rfe1 f5 20. exf5 Re2 21.
Rxe2 Kh8 22. Bxf7 Rf8 23. Bg6 Rg8 24. Bh5 Rxg2+ 25. Kf1 Rg8 26. Rae1 Bg2+ 27. Kg1 Bf3+ 28. Kh2 Bxe2 29. Rxe2 Rg5 30. Bf3 Rxf5 31. Bg4 Rf7 32. Re8+ Kg7 33. Rb8 Rxf2+ 34. Kg3 Rxc2 35. Rxb5 Ra2 36. Rb7 Rxa3 37. Rxc7 Rb3 38. Rxd7+ Kf6 39. Rd6+ Ke5 40. Re6+ Kd4 41. Rd6+ Ke3 42. Rxh6 a3 43. Ra6 Kxd3 44. Bf5+ Kc3 45. Be6 Kxb4+ 46. Bxb3 Kxb3 47. Rxa3+ Kxa3 48. h4 Kb4 49. h5 Kc4 50. h6 Kc3 51. h7 Kc2 52. h8=Q Kd2 53. Qd8+ Kc3 54. Kf4 Kc4 55. Ke5 Kc3 56. Ke4 Kc2 57. Qd4 Kb3 58. Qc5 Kb2 59. Kd3 Kb1 60. Qc3 Ka2 61. Qb4 Ka1 62. Kc2 Ka2 63. Qb2# {[%emt 0:00:01] TallSnazzyBall won by checkmate} 1-0

[Event "Fast Chess"]
[Site "ChessKid.com"]
[Date "2020.05.05"]
[Round "1"]
[White "Georgiev, Maximilian"]
[Black "Halimi, Dorian"]
[Result "1-0"]
[ECO "A03"]
[WhiteElo "922"]
[BlackElo "1205"]
[PlyCount "101"]
[EventDate "2020.??.??"]
[TimeControl "300+10"]
[WhiteClock "0:00:57"]
[BlackClock "0:02:56"]

1. f4 d5 2. e3 e6 3. d4 Nf6 4. c3 Nc6 5. b3 Bd7 6. Ne2 h6 7. g3 a6 8. Bg2 b5 9. O-O Bd6 10. Nd2 O-O 11. Bb2 g5 12. fxg5 hxg5 13. Nc1 a5 14. Qf3 a4 15. bxa4 Rxa4 16. Qxf6 Qxf6 17. Rxf6 b4 18. cxb4 Bxb4 19. Ndb3 Kg7 20. Rf1 Rh8 21. Kh1 Rh7 22. Nd3 Ra8 23. Nxb4 Nxb4 24. a3 Nc2 25. Ra2 Nxe3 26. Rf2 Rah8 27. Bf3 Nc4 28. Bc3 Bc6 29. Nc5 e5 30. Bg4 e4 31. Bd7 Bxd7 32. Nxd7 e3 33. Rfe2 f5 34. Ne5 f4 35. gxf4 gxf4 36. Nxc4 Rf8 37. Ne5 Rh6 38. Ra1 f3 39. Rg1+ Kf6 40. Rxe3 Ke6 41. Nxf3+ Kd6 42. Bb4+ Kc6 43. Bxf8 Rf6 44. Ne5+ Kb5 45. Rb1+ Ka4 46. Reb3 Rxf8 47. Rb4+ Kxa3 48. Rb7 Ka2 49. R1b5 Rf1+ 50. Kg2 Rb1 51. Ra5# {[%emt 0:00:10]
TallSnazzyBall won by checkmate} 1-0

[Event "Fast Chess"]
[Site "ChessKid.com"]
[Date "2020.05.05"]
[Round "2"]
[White "Georgiev, Maximilian"]
[Black "Li, Tobias"]
[Result "1-0"]
[ECO "A30"]
[WhiteElo "937"]
[BlackElo "1305"]
[PlyCount "85"]
[EventDate "2020.??.??"]
[TimeControl "300+10"]
[WhiteClock "0:01:03"]
[BlackClock "0:03:00"]

1. c4 c5 2. g3 Nc6 3. Bg2 Nf6 4. e3 e5 5. Ne2 d6 6. f3 Bf5 7. O-O Nb4 8. Na3 g5 9. b3 d5 10. cxd5 Qxd5 11. Nc3 Qd6 12. Nab5 Qb6 13. Na3 Bd3 14. Rf2 Qa6 15. Bb2 O-O-O 16. Ne2 Bxe2 17. Qxe2 Qxe2 18. Rxe2 Bh6 19. Bxe5 Bg7 20. Bh3+ Nd7 21. Bxg7 Rhg8 22. Bc3 Nd5 23. Nb5 Kb8 24. Ba5 Rde8 25. Bxd7 Re5 26. e4 Nf6 27. Bc7+ Ka8 28. Bxe5 Ne8 29. Bxe8 Rxe8 30. Nc7+ Kb8 31. Nxe8+ Ka8 32. d4 cxd4 33.
Bxd4 a6 34. Rc2 b5 35. Nc7+ Kb7 36. a4 bxa4 37. bxa4 h6 38. Nxa6 Kxa6 39. Rb1 Ka5 40. Rb8 Kxa4 41. Ra8+ Kb4 42. Rb8+ Ka4 43. Ra2# {
[%emt 0:00:11] TallSnazzyBall won by checkmate} 1-0

[Event "Fast Chess"]
[Site "ChessKid.com"]
[Date "2020.05.05"]
[Round "2"]
[White "Halimi, Dorian"]
[Black "Li, Patrick"]
[Result "0-1"]
[ECO "C55"]
[WhiteElo "1196"]
[BlackElo "1139"]
[PlyCount "104"]
[EventDate "2020.??.??"]
[TimeControl "300+10"]
[WhiteClock "0:02:08"]
[BlackClock "0:02:35"]

1. e4 e5 2. Nc3 Nf6 3. Bc4 Bc5 4. Nf3 Nc6 5. Ng5 O-O 6.
Nxf7 Rxf7 7. Bxf7+ Kxf7 8. O-O d6 9. h3 Be6 10. d3 Kg8 11. Qf3 Qf8 12. Be3 Bxe3 13. fxe3 Nd7 14. Qxf8+ Rxf8 15. Rxf8+ Kxf8 16.
Rf1+ Kg8 17. Nd5 Bxd5 18. exd5 Nb4 19. d4 exd4 20. exd4 Nxc2 21. Rc1 Nxd4 22. Rxc7 Nc5 23. Rc8+ Kf7 24. Kf2 Na4 25. b3 Nc5 26. Ke3 Nf5+ 27. Kf4 Ne7 28. Rc7 Kf6 29. b4 Nd3+ 30. Ke4 Nxb4 31. a3 Na6 32. Rxb7 Nc5+ 33. Kd4 Nxb7 34. a4 Nf5+ 35. Kc4 Ne3+ 36. Kb5 Nxg2 37. Kc6 Nc5 38. Kxd6 Nxa4 39. Kc6 Nc3 40. d6 Ke6 41. d7 Ke7 42. Kc7 Nd5+ 43. Kc6 Nb6 44. Kc7 Nxd7 45. Kb7 a5 46. Ka6 a4 47. Ka5 a3 48. Kb5 a2 49. Kc6 a1=Q 50. Kc7 Qc3+ 51. Kb7 Qc5 52. Ka6 Qb6# {
[%emt 0:00:12] WideClassyQuiz won by checkmate} 0-1

[Event "Fast Chess"]
[Site "ChessKid.com"]
[Date "2020.05.05"]
[Round "3"]
[White "Li, Patrick"]
[Black "Georgiev, Maximilian"]
[Result "0-1"]
[ECO "B27"]
[WhiteElo "1127"]
[BlackElo "950"]
[PlyCount "28"]
[EventDate "2020.??.??"]
[TimeControl "300+10"]
[WhiteClock "0:04:34"]
[BlackClock "0:04:30"]

1. e4 c5 2. Nf3 g6 3. Nc3 Bg7 4. Bc4 e6 5. Ng5 Qxg5 6. d4 Qxg2 7. Rf1 cxd4 8.
Nb5 Qxh2 9. Nc7+ Qxc7 10. b3 d3 11. Rb1 dxc2 12. Qxc2 Ne7 13. Bxe6 Qxc2 14. Bxf7+ Kxf7
{[%emt 0:00:11] TallSnazzyBall won by resignation} 0-1

[Event "Fast Chess"]
[Site "ChessKid.com"]
[Date "2020.05.05"]
[Round "1"]
[White "Horvath, Alexander"]
[Black "Halimi, Dorian"]
[Result "1-0"]
[ECO "C55"]
[WhiteElo "1322"]
[BlackElo "1203"]
[Annotator "Grundlinienschwäche"]
[PlyCount "65"]
[EventDate "2020.??.??"]
[TimeControl "300+10"]
[WhiteClock "0:02:58"]
[BlackClock "0:03:12"]

1. e4 e5 2. Nf3 Nc6 3. Nc3 Nf6 4. Bc4 g6 5. O-O Bc5 6.
Nxe5 Nxe5 7. d4 Nxc4 8. dxc5 d6 9. cxd6 Nxd6 10. e5 Nh5 11.
exd6 cxd6 12. Re1+ Be6 13. Bh6 Qd7 14. Nd5 O-O-O 15. Rc1 Bxd5 16. Qxd5 Nf4 17. Bxf4 Rhe8 18. Rxe8 Rxe8 19. Qa5 Qe7 20. h3 b6 21. Qc3+ Kb7 22. Qf3+ Kc8 23. c4 g5 24. Bh2 $4 h6 25. Kh1 Kc7 26. c5 bxc5 27. Rxc5+ Kb6 28. Rc3 a5 29. Rb3+ Ka6 30. Qd3+ Ka7 31. Qd4+ Ka8 32. Qd5+ Ka7 33. Qxa5# {[%emt 0:00:10] KeenOrangeTeeth won by checkmate
} 1-0

[Event "Fast Chess"]
[Site "ChessKid.com"]
[Date "2020.05.05"]
[Round "1"]
[White "Li, Patrick"]
[Black "Li, Tobias"]
[Result "0-1"]
[ECO "C55"]
[WhiteElo "1146"]
[BlackElo "1305"]
[PlyCount "46"]
[EventDate "2020.??.??"]
[TimeControl "300+10"]
[WhiteClock "0:02:41"]
[BlackClock "0:02:55"]

1. e4 e5 2. Nf3 Nc6 3. Nc3 Bc5 4. Bc4 Nf6 5. O-O O-O 6.
Nd5 d6 7. d4 exd4 8. Nxd4 Bg4 9. Qd3 Bxd4 10. Qxd4 Nxe4 11. Qd3 Nf6 12. Qg3 Be6 13. Bh6 Nh5 14. Qg5 Qxg5 15. Bxg5 Nf6 16. Nxc7 Bxc4 17. Nxa8 Bxf1 18. Kxf1 Rxa8 19. Bxf6 gxf6 20. Re1 Kf8 21.
Re3 Re8 22. h3 Rxe3 23. fxe3 Nb4 {[%emt 0:00:12] OnlyHungryKiwi
won by resignation} 0-1

[Event "Fast Chess"]
[Site "ChessKid.com"]
[Date "2020.05.05"]
[Round "2"]
[White "Georgiev, Maximilian"]
[Black "Horvath, Alexander"]
[Result "1-0"]
[ECO "A25"]
[WhiteElo "1017"]
[BlackElo "1309"]
[PlyCount "57"]
[EventDate "2020.??.??"]
[TimeControl "300+10"]
[WhiteClock "0:03:04"]
[BlackClock "0:03:56"]

1. c4 e5 2. g3 Nc6 3. Bg2 g6 4. e3 Bg7 5. Ne2 Nf6 6. O-O O-O 7. Nbc3 d6 8. f3 Be6 9. b3 Qc8 10. d3 Bh3 11. Bb2 Bxg2 12. Kxg2 b6 13. a4 Ne7 14. a5 bxa5 15.
Rxa5 Qb8 16. Rb5 Qc8 17. Ra5 c5 18. Ra3 Qb7 19. Qd2 d5 20.
cxd5 Nexd5 21. Nxd5 Nxd5 22. Rf2 Ne7 23. Rf1 Rab8 24. Qc2 Rfc8 25. Bc3 e4 26. fxe4 Bxc3 27. Qxc3 Qa8 28. Qc4 Rd8 29. Qxf7+ {[%emt 0:00:13] TallSnazzyBall
won - game abandoned} 1-0

[Event "Fast Chess"]
[Site "ChessKid.com"]
[Date "2020.05.05"]
[Round "2"]
[White "Li, Tobias"]
[Black "Halimi, Dorian"]
[Result "1-0"]
[ECO "C50"]
[WhiteElo "1311"]
[BlackElo "1198"]
[Annotator "Fesselung"]
[PlyCount "27"]
[EventDate "2020.??.??"]
[TimeControl "300+10"]
[WhiteClock "0:03:16"]
[BlackClock "0:03:57"]

1. e4 e5 2. Nf3 Nc6 3. Bc4 f6 $4 4. Bb5 Nd4 $4 5. Nxe5 fxe5 6. Qh5+ g6 7. Qxe5+ Qe7 8. Qxh8 Qxe4+ 9. Kd1 Nxc2 10. b3 Nxa1 11. Re1 Bg7 12. Qxg8+ Bf8 13. Rxe4+ Kd8 14. Qxf8#
{[%emt 0:00:11] OnlyHungryKiwi won by checkmate} 1-0

[Event "Fast Chess"]
[Site "ChessKid.com"]
[Date "2020.05.05"]
[Round "3"]
[White "Georgiev, Maximilian"]
[Black "Li, Tobias"]
[Result "1-0"]
[ECO "A30"]
[WhiteElo "1031"]
[BlackElo "1298"]
[Annotator "Doppelschach und Matt möglich"]
[PlyCount "159"]
[EventDate "2020.??.??"]
[TimeControl "300+10"]
[WhiteClock "0:00:30"]
[BlackClock "0:01:56"]

1. c4 c5 2. g3 Nc6 3. Bg2 e6 4. e3 Nf6 5. Ne2 Be7 6. O-O O-O 7. Nbc3 Re8 8.
b3 b6 9. Bb2 Bb7 10. a4 a5 11. Nb5 Nb4 12. Nbc3 Nc6 13. Nb5 Rb8 14. Nbc3 Nb4 15. Bxb7 Rxb7 16. Kg2 Qa8 17. Kg1 Nd3 18. Qc2 Nxb2 19. Qxb2 Rbb8 20. Nb5 Rbc8 21. Nf4 Ne4 22. d3 Ng5 23. Nh5 $4 Nf3+ 24. Kg2 $4 Bf6 25. Nxf6+ gxf6 26. Kh3 Ng5+ 27. Kh4 Nf3+ 28.
Kh3 Ne5 29. Nd6 Nf3 30. Nxc8 Ng5+ 31. Kh4 Nf3+ 32. Kg4 Ne5+ 33. Kh4 Nxd3 34. Qxf6 Rxc8 35. Qg5+ Kf8 36. Qh6+ Kg8 37. Kh3 Rf8 38. Rad1 Ne5 39. Qg5+ Kh8 40. Qxe5+ Kg8 41. Rxd7 Qf3 42. Rd3 Re8 43. Qf4 Qh5+ 44. Qh4 Qf5+ 45. Kg2 Qxd3 46. Qg4+ Kf8 47. Rd1 Qxb3 48. Rd7 Qxa4 49. Rb7 Qc6+ 50. Qf3 Qxf3+ 51. Kxf3 Ra8 52. Rxb6 a4 53. Rb1 a3 54. Ra1 a2 55. Ke2 Ke7 56. Kd2 Kd6 57. Kc2 Ke5 58.
Kb2 Ke4 59. Rxa2 Rxa2+ 60. Kxa2 Kd3 61. Kb3 Ke2 62. Ka4 Kxf2 63. Kb5 Kxe3 64. Kxc5 f5 65. Kb5 e5 66. c5 e4 67. c6 Kf3 68. c7 e3 69. c8=Q e2 70. Qc6+ Kf2 71. Qc5+ Kf1 72. Qxf5+ Ke1 73. Qxh7 Kd1 74. Qb1+ Kd2 75. h4 e1=Q 76. Qxe1+ Kxe1 77. h5 Ke2 78. h6 Kf3 79. h7 Kg4 80. h8=Q {[%emt 0:00:10] TallSnazzyBall won by resignation} 1-0

[Event "Fast Chess"]
[Site "ChessKid.com"]
[Date "2020.05.06"]
[Round "1"]
[White "Li, Tobias"]
[Black "Horvath, Alexander"]
[Result "0-1"]
[ECO "C55"]
[WhiteElo "1322"]
[BlackElo "1308"]
[PlyCount "56"]
[EventDate "2020.??.??"]
[TimeControl "900"]
[WhiteClock "0:12:51"]
[BlackClock "0:13:08"]

1. e4 e5 2. Nf3 Nf6 3. Nc3 Nc6 4. Bc4 Nxe4 5. Bxf7+ Kxf7 6. Nxe4 d5 7. Nc3 d4 8. Ne2 e4 9. Ng5+ Qxg5 10. d3 Qxg2 11.
Rf1 exd3 12. cxd3 Bb4+ 13. Bd2 Bxd2+ 14. Qxd2 Qxh2 15. Qc2 Rf8 16. Qb3+ Be6 17. Qxb7 Ne5 18. Qxc7+ Kg8 19. Qc2 Rxf2 20. Rxf2 Qh1+ 21. Rf1 Nf3+ 22. Kf2 Qh4+ 23. Kxf3 Rf8+ 24. Kg2 Qh3+ 25. Kg1 Qg4+ 26. Kh1 Bd5+ 27. Kh2 Qh4+ 28. Kg1 Qh1# {[%emt 0:00:03]
KeenOrangeTeeth won by checkmate} 0-1

[Event "Fast Chess"]
[Site "ChessKid.com"]
[Date "2020.05.06"]
[Round "1"]
[White "Halimi, Dorian"]
[Black "Dai, Lana"]
[Result "1/2-1/2"]
[ECO "C50"]
[WhiteElo "1228"]
[BlackElo "1299"]
[Annotator "ungleichfarbige Läufer"]
[PlyCount "170"]
[EventDate "2020.??.??"]
[TimeControl "900"]
[WhiteClock "0:07:25"]
[BlackClock "0:09:12"]

1. e4 e5 2. Bc4 Nc6 3. Nf3 h6 4. a3 Nf6 5. Nc3 Bc5 6. h3 a6 7. O-O b5 8. b4 bxc4 9. bxc5 O-O 10. Nd5 Nxd5 11. exd5 Nd4 12. Nxe5 d6 13. Nxc4 dxc5 14. c3 Qxd5 15. cxd4 Qxc4 16. dxc5 Qd4 17. Qf3 Qxa1 18. Qxa8 Qd4 19. c6 Qb6 20. d3 Be6 21. Qb7 Qxb7 22. cxb7 Rb8 23. Be3 Rxb7 24. Rc1 Bf5 25. Bf4 Bxd3 26. Bxc7 Rb1 27. Rxb1 Bxb1 28. Kh2 g5 29. g4 f5 30. gxf5 Bxf5 31. Kg3 h5 32. f4 gxf4+ 33. Kxf4 Bg6 34. Kg5 Kg7 35. h4 Be8 36. Be5+ Kh7 37. Bf4 a5 38. Kf5 Bd7+ 39. Kg5 Be8 40. Kf6 a4 41. Ke7 Bc6 42. Kd6 Be8 43. Ke7 Bb5 44. Kd6 Kg6 45. Ke5 Be8 46. Kd5 Kf5 47. Bg3 Kg4 48. Be1 Bf7+ 49. Ke5 Kf3 50. Kf6 Be8 51. Ke7 Bb5 52. Kd6 Ke2 53. Kc5 Be8 54. Bc3 Kf3 55. Kd6 Kg4 56. Bf6 Kf3 57. Ke7 Bb5 58. Kd6 Ke3 59. Kd5 Kd3 60. Be7 Bc4+ 61. Ke5 Bb5 62. Kf5 Kd4 63. Kg5 Be8 64. Kf6 Kd5 65. Bb4 Ke4 66. Ke7 Bb5 67. Kd8 Kf4 68. Be7 Kf5 69. Kc7 Ke6 70. Kb6 Be8 71. Bb4 Kf7 72. Kc7 Ke6 73. Kd8 Bb5 74. Be7 Bd7 75. Bg5 Kd6 76. Be7+ Ke6 77. Bg5 Bb5 78. Kc7 Kd5 79. Kb6 Kc4 80. Be7 Be8 81. Kc7 Kd5 82. Kd8 Bb5 83. Kc7 Ke6 84. Bd8 Kd5 85. Be7 Ke6 {[%emt 0:00:03] Game drawn by
repetition} 1/2-1/2

[Event "Fast Chess"]
[Site "ChessKid.com"]
[Date "2020.05.06"]
[Round "2"]
[White "Georgiev, Maximilian"]
[Black "Dai, Lana"]
[Result "0-1"]
[ECO "C55"]
[WhiteElo "1300"]
[BlackElo "1308"]
[PlyCount "124"]
[EventDate "2020.??.??"]
[TimeControl "900"]
[WhiteClock "0:06:21"]
[BlackClock "0:11:05"]

1. e4 e5 2. Nf3 Nc6 3. Bc4 h6 4. Nc3 Nf6 5. d3 a6 6. Be3 b5 7. Bb3 b4 8. Ne2 a5 9. a3 bxa3 10. bxa3 a4 11. Bc4 Be7 12. O-O O-O 13.
h3 h5 14. d4 exd4 15. Nfxd4 Nxd4 16. Bxd4 Nxe4 17. Qd3 d5 18. Ba2 Bf5 19. Bb1 Nd6 20. Qg3 Bf6 21. c4 dxc4 22. Bxf5 Nxf5 23. Qf4 Nxd4 24. Nxd4 Bxd4 25. Rfd1 c5 26. Ra2 Bxf2+ 27. Rxf2 Qxd1+ 28. Rf1 Qd4+ 29. Rf2 Qa1+ 30. Rf1 Qxa3 31. Rf3 Qa1+ 32. Kh2 Rad8 33. Rg3 Rd1 34. Rxg7+ Kxg7 35. Qg5+ Kh7 36. Qxh5+ Kg8 37. Qg4+ Qg7 38.
Qxd1 Qe5+ 39. g3 Qb2+ 40. Kg1 Qc3 41. Qg4+ Qg7 42. Qf3 Qa1+ 43. Kg2 Qb2+ 44. Kh1 Qc1+ 45. Kg2 Qd2+ 46. Kf1 Qc1+ 47. Kf2 Qd2+ 48. Kf1 Qd3+ 49. Qxd3 cxd3 50. Ke1 c4 51. Kd2 Re8 52. Kc3 Re3 53. Kxc4 d2 54. Kd4 Re2 55. Kd3 d1=Q+ 56. Kc3 Rc2+ 57. Kb4 Qb1+ 58. Ka5 Rc5+ 59. Ka6 Qb5+ 60. Ka7 Qa5+ 61. Kb7 Qb4+ 62. Ka7 Ra5# {[%emt 0:
00:01] TopBrownCave won by checkmate} 0-1

[Event "Fast Chess"]
[Site "ChessKid.com"]
[Date "2020.05.06"]
[Round "2"]
[White "Li, Patrick"]
[Black "Halimi, Dorian"]
[Result "0-1"]
[ECO "C55"]
[WhiteElo "1128"]
[BlackElo "1234"]
[PlyCount "39"]
[EventDate "2020.??.??"]
[TimeControl "900"]
[WhiteClock "0:13:52"]
[BlackClock "0:13:27"]

1. e4 e5 2. Nf3 Nc6 3. Nc3 Nf6 4. Bc4 h6 5. O-O a6 6. Nd5 Bc5 7. Nxf6+ Qxf6 8. Bd5 Nd4 9. Nxd4 exd4 10. c3 dxc3 11. dxc3 Qg6 12. Qf3 f6 13. Qd3 Qh5 14. Qc4 Bd6 15. Bf7+ Qxf7 16. Qxf7+ Kxf7 17. Be3 Re8 18. Rfd1 Rxe4 19. f3 Rxe3 20. Rd5 {[%emt 0:00:07] FullMagentaEclipse won by
resignation} 0-1

[Event "Fast Chess"]
[Site "ChessKid.com"]
[Date "2020.05.06"]
[Round "3"]
[White "Halimi, Dorian"]
[Black "Georgiev, Maximilian"]
[Result "0-1"]
[ECO "C57"]
[WhiteElo "1228"]
[BlackElo "1307"]
[PlyCount "78"]
[EventDate "2020.??.??"]
[TimeControl "900"]
[WhiteClock "0:11:46"]
[BlackClock "0:11:15"]

1. e4 e5 2. Bc4 Nc6 3. Nf3 Nf6 4. Ng5 d5 5. exd5 Nxd5 6.
Bxd5 Qxg5 7. Qf3 f6 8. Nc3 Nd4 9. Qd3 c6 10. Be4 Bf5 11.
O-O Bh3 12. Qxh3 f5 13. Bxf5 Nxf5 14. Re1 O-O-O 15. Rxe5 g6 16. Ne4 Qf4 17. Qc3 Bg7 18. Qe3 Nxe3 19. fxe3 Qxe5 20. Ng3 Rd5 21. d4 Rxd4 22. exd4 Qxd4+ 23. Kf1 Rf8+ 24. Ke1 Qf2+ 25. Kd1 Rd8+ 26. Bd2 Qg1+ 27. Ke2 Qxa1 28. Ne4 Qxb2 29. Bg5 Qxc2+ 30. Nd2 Rxd2+ 31. Bxd2 Bh6 32. a3 Qxd2+ 33. Kf3 Qc3+ 34. Ke4 Qxa3 35. Ke5 Qb2+ 36. Ke6 Qxg2 37. Kf7 Qxh2 38. Kg8 Qc7 39. Kh8 Qg7# {[%emt 0:00:01] KeenOrangeTeeth won by checkmate} 0-1

[Event "Fast Chess"]
[Site "ChessKid.com"]
[Date "2020.05.07"]
[Round "1"]
[White "Li, Tobias"]
[Black "Dai, Lana"]
[Result "1-0"]
[ECO "C55"]
[WhiteElo "1342"]
[BlackElo "1290"]
[PlyCount "97"]
[EventDate "2020.??.??"]
[TimeControl "600"]
[WhiteClock "0:01:03"]
[BlackClock "0:03:57"]

1. e4 e5 2. Nf3 Nc6 3. Nc3 Nf6 4. Bc4 h6 5. O-O a6 6. h3 b5 7. Bb3 Bc5 8. a3 d6 9. Nd5 Nxd5 10. Bxd5 Bd7 11. b4 Bb6 12. d3 O-O 13.
Bd2 Rb8 14. Bxc6 Bxc6 15. Qc1 d5 16. exd5 Bxd5 17. Nxe5 Qd6 18. Bf4 Qd8 19. Ng4 Bd4 20. c3 Bf6 21. Nxf6+ Qxf6 22. Bxc7 Rbc8 23. Bg3 Qg6 24. Rd1 Rc7 25. a4 bxa4 26. Rxa4 Rd7 27. Ra5 Bb7 28. Qe3 Qc6 29. f3 Rdd8 30. Ra3 Rfe8 31. Qf2 Re7 32. Bh4 g5 33. Bg3 Rde8 34. Qf1 Qb6+ 35. Bf2 Qc6 36. Bc5 Re2 37. Bf2 R8e7 38. Re1 Rxe1 39. Bxe1 Qb6+ 40. Bf2 Qc6 41. Bc5 Re5 42. Bd4 Re8 43. Kh1 Qd6 44. Kg1 h5 45. Ra1 h4 46. Re1 Rxe1 47. Qxe1 Bc6 48. Qe5 Qg6 49. Qh8# {[%emt 0:00:05]
OnlyHungryKiwi won by checkmate} 1-0

[Event "Fast Chess"]
[Site "ChessKid.com"]
[Date "2020.05.07"]
[Round "1"]
[White "Li, Patrick"]
[Black "Horvath, Alexander"]
[Result "0-1"]
[ECO "C55"]
[WhiteElo "1210"]
[BlackElo "1316"]
[PlyCount "30"]
[EventDate "2020.??.??"]
[TimeControl "600"]
[WhiteClock "0:09:19"]
[BlackClock "0:09:04"]

1. e4 e5 2. Nf3 Nf6 3. Nc3 Nc6 4. Bc4 Nxe4 5. Bxf7+ Kxf7 6. Nxe4 d5 7. Nc5 e4 8. Ng5+ Qxg5 9. d4 Qxg2 10. Rf1 Bxc5 11. dxc5 Bh3 12. Qh5+ Kf8 13. Qxd5 Qxf1+ 14. Kd2 Rd8 15. Qxd8+ Nxd8 {[%emt 0:
00:02] KeenOrangeTeeth won by resignation} 0-1

[Event "Fast Chess"]
[Site "ChessKid.com"]
[Date "2020.05.07"]
[Round "2"]
[White "Horvath, Alexander"]
[Black "Li, Tobias"]
[Result "1/2-1/2"]
[ECO "C55"]
[WhiteElo "1317"]
[BlackElo "1341"]
[Annotator "Patt"]
[PlyCount "114"]
[EventDate "2020.??.??"]
[TimeControl "600"]
[WhiteClock "0:06:29"]
[BlackClock "0:07:27"]

1. e4 e5 2. Nf3 Nc6 3. Bc4 Bc5 4. Nc3 Nf6 5. Bb3 O-O 6.
O-O d6 7. Ng5 h6 8. Nxf7 Rxf7 9. Bxf7+ Kxf7 10. Re1 Ng4 11. h3 Bxf2+ 12. Kf1 Bxe1 13. Kxe1 Nf6 14. d3 Be6 15. Nd5 Nxd5 16. exd5 Bxd5 17. Qh5+ Kg8 18. Qg6 Qf6 19. Qxf6 gxf6 20. Bxh6 Bxg2 21. Kd2 Bxh3 22. Rh1 Be6 23. Rg1+ Kf7 24. Rg7+ Ke8 25. Rh7 Bc8 26. Rh8+ Kd7 27. Rh7+ Kd8 28. Rh8+ Kd7 29. Rh7+ Ke6 30. Kc3 Bd7 31. b3 Rg8 32. a4 a6 33. Kb2 Nd8 34. c4 Nf7 35. Kc3 Nxh6 36. Rxh6 Rb8 37. d4 exd4+ 38. Kxd4 c5+ 39. Ke4 Bc6+ 40. Kf4 Rg8 41. Ke3 Rg3+ 42. Kf2 Rxb3 43. Rh8 Rb4 44. a5 Rxc4 45. Ke3 Ra4 46. Rh4 Rxh4 47. Kf2 Rd4 48. Ke3 c4 49. Kxd4 Bb5 50. Kc3 f5 51. Kd2 f4 52. Ke2 c3+ 53.
Kd1 f3 54. Kc2 f2 55. Kxc3 f1=Q 56. Kd2 Qd3+ 57. Ke1 Qc2 {[%emt 0:00:01] Game
drawn by stalemate} 1/2-1/2

[Event "Fast Chess"]
[Site "ChessKid.com"]
[Date "2020.05.07"]
[Round "3"]
[White "Li, Tobias"]
[Black "Li, Patrick"]
[Result "1-0"]
[ECO "C57"]
[WhiteElo "1347"]
[BlackElo "1215"]
[PlyCount "39"]
[EventDate "2020.??.??"]
[TimeControl "600"]
[WhiteClock "0:08:28"]
[BlackClock "0:08:44"]

1. e4 e5 2. Nf3 Nc6 3. Bc4 Nf6 4. Ng5 d5 5. exd5 Nxd5 6.
Nxf7 Kxf7 7. Qf3+ Ke8 8. Bxd5 Qe7 9. Bxc6+ bxc6 10. Qxc6+ Bd7 11. Qxa8+ Kf7 12. Nc3 Qf6 13. O-O Qg6 14. Qf3+ Kg8 15. Qd5+ Be6 16. Qxe5 Bh3 17. Qd5+ Be6 18. Qf3 Bb4 19. d3 Qh6 20. Bxh6 {[%emt 0:00:09] OnlyHungryKiwi
won by resignation} 1-0

[Event "Fast Chess"]
[Site "ChessKid.com"]
[Date "2020.05.07"]
[Round "3"]
[White "Dai, Lana"]
[Black "Horvath, Alexander"]
[Result "0-1"]
[ECO "C47"]
[WhiteElo "1274"]
[BlackElo "1325"]
[PlyCount "100"]
[EventDate "2020.??.??"]
[TimeControl "600"]
[WhiteClock "0:05:14"]
[BlackClock "0:03:58"]

1. e4 e5 2. Nc3 Nc6 3. Nf3 Nf6 4. h3 a6 5. a3 h6 6. Bc4 Nxe4 7. Nxe4 d5 8. Bd3 dxe4 9. Bxe4 Bd6 10. O-O O-O 11. d3 Nd4 12. Nxd4 exd4 13. c3 dxc3 14. bxc3 c5 15. d4 cxd4 16. cxd4 Qf6 17. a4 Qh4 18. Qe2 Bxh3 19. gxh3 Qxh3 20. f3 Rfe8 21. Qg2 Qh5 22. Kf2 Qh4+ 23. Kg1 Re6 24. Be3 b6 25. Bf2 Qe7 26. Bxa8 Rg6 27. Rfe1 Rxg2+ 28. Kxg2 Qg5+ 29. Kf1 b5 30. Ke2 bxa4 31. Rxa4 Qb5+ 32. Kd2 Qxa4 33. Re8+ Qxe8 34. Be4 Bf4+ 35. Kd3 Qb5+ 36. Kc2 Qe2+ 37. Kc3 Qxf2 38. Bd3 Qd2+ 39. Kc4 g6 40. d5 Kf8 41. Be4 Ke8 42. Kc5 Kd8 43. Kc6 a5 44. d6 Qxd6+ 45. Kb7 a4 46. Bb1 Qb4+ 47. Ka6 Qxb1 48. Ka5 a3 49. Ka4 a2 50. Ka3 a1=R# {[%emt 0:00:01] KeenOrangeTeeth
won by checkmate} 0-1

[Event "Fast Chess"]
[Site "ChessKid.com"]
[Date "2020.05.08"]
[Round "1"]
[White "Li, Tobias"]
[Black "Li, Patrick"]
[Result "1-0"]
[ECO "C57"]
[WhiteElo "1363"]
[BlackElo "1237"]
[PlyCount "47"]
[EventDate "2020.??.??"]
[TimeControl "300"]
[WhiteClock "0:03:22"]
[BlackClock "0:03:16"]

1. e4 e5 2. Bc4 Nc6 3. Nf3 Nf6 4. Ng5 d5 5. exd5 Nxd5 6.
Nxf7 Kxf7 7. Qf3+ Ke6 8. Qh3+ Kd6 9. Qf3 Ndb4 10. O-O Nxc2 11. Qd3+ Ke7 12. Qxc2 Nd4 13. Qd3 Nf5 14. Qe4 Nd6 15. Qh4+ Ke8 16.
Qxd8+ Kxd8 17. b3 Nxc4 18. bxc4 g6 19. Nc3 Bg7 20. d3 e4 21.
Bd2 exd3 22. Rac1 Bxc3 23. Bxc3 Ke7 24. Bxh8 {
[%emt 0:00:03] OnlyHungryKiwi won by resignation} 1-0